 Dungeon Crawl Stone Soup version 0.26-a0-665-gefeb406 (webtiles) character file.

Game seed: 2218181097225635530

1714 Mopster the Cleaver (level 8, -2/109 HPs)
             Began as a Minotaur Berserker on Oct 13, 2020.
             Was a Priest of Trog.
             Slain by a two-headed ogre
             ... wielding a +0 giant club
              (8 damage)
             ... on level 7 of the Dungeon.
             The game lasted 00:25:59 (6118 turns).

Mopster the Cleaver (Minotaur Berserker)            Turns: 6118, Time: 00:26:00

Health: -2/109     AC: 10    Str: 25    XL:     8   Next: 74%
Magic:  7/7        EV: 10    Int:  4    God:    Trog [***...]
Gold:   337        SH:  5    Dex:  9    Spells: 7/7 levels left

rFire    . . .     SeeInvis .   b - +2 hand axe (flame)
rCold    . . .     Faith    .   (no shield)
rNeg     . . .     Spirit   .   h - +0 chain mail
rPois    .         Reflect  +   (helmet restricted)
rElec    .         Harm     .   (no cloak)
rCorr    .         Rampage  .   (no gloves)
MR       ++...                  (no boots)
Stlth    ..........             a - amulet of reflection
HPRegen  1.28/turn              (no ring)
MPRegen  0.10/turn              (no ring)

@: berserking, regenerating, very quick
A: retaliatory headbutt, horns 2
a: Berserk, Trog's Hand, Renounce Religion


You were on level 7 of the Dungeon.
You worshipped Trog.
Trog was most pleased with you.
You visited 2 branches of the dungeon, and saw 8 of its levels.

You collected 337 gold pieces.

Inventory:

Hand Weapons
 b - a +2 hand axe of flaming (weapon)
 f - a +2 short sword of flaming
 m - a +0 war axe
Armour
 c - a +0 leather armour
 h - a +0 chain mail (worn)
Jewellery
 a - an amulet of reflection (around neck)
 j - an uncursed amulet of magic regeneration
Scrolls
 i - a scroll of identify
 k - 7 scrolls of teleportation
 s - 3 scrolls of enchant armour
 t - 3 scrolls of blinking {unknown}
 u - a scroll of fear
 v - a scroll of vulnerability {unknown}
Potions
 d - a potion of brilliance
 e - a potion of haste
 g - a potion of ambrosia
 l - 2 potions of cancellation {unknown}
 n - 4 potions of curing
 o - a potion of degeneration {unknown}
 p - 2 potions of stabbing {unknown}
 q - a potion of flight
 r - a potion of resistance
 w - a potion of invisibility


   Skills:
 * Level 7.4 Fighting
 + Level 8.4 Axes
 * Level 7.6 Armour
 * Level 5.0 Dodging
 - Level 1.0 Stealth


You had 7 spell levels left.
You didn't know any spells.
Your spell library contained the following spells:

 Spells                   Type           Power        Failure   Level
 Summon Small Mammal      Summ           #...         97%         1
 Call Imp                 Summ           #.......     99%         2
 Call Canine Familiar     Summ           #.......     100%        3
 Summon Guardian Golem    Hex/Summ       #.......     100%        3
 Summon Ice Beast         Ice/Summ       #.......     100%        4
 Summon Lightning Spire   Summ/Air       #.......     100%        4


Dungeon Overview and Level Annotations

Branches:
Dungeon (7/15)             Temple (1/1) D:5

Altars:
Ashenzari
Cheibriados
Dithmenos
Elyvilon
Fedhas
Hepliaklqana
Kikubaaqudgha
Makhleb
Nemelex Xobeh
Ru
Trog
Uskayaw
Vehumet
Xom
Yredelemnul
Zin
The Shining One


Innate Abilities, Weirdness & Mutations

You reflexively headbutt those who attack you in melee.
You have a pair of horns on your head.


Message History

The two-headed ogre hits you with a +0 giant club!
The two-headed ogre hits you with a +0 giant spiked club!
You hit the two-headed ogre. You burn the two-headed ogre.
The two-headed ogre is heavily wounded.
You hit the two-headed ogre but do no damage.
You headbutt the two-headed ogre!
The two-headed ogre is severely wounded.
The two-headed ogre hits you but does no damage.
The two-headed ogre hits you with a +0 giant spiked club!
You hear a shout!
Your skin crawls.
You feel resistant to hostile enchantments.
You can no longer call in reinforcements.
The two-headed ogre hits you with a +0 giant club.
The two-headed ogre hits you with a +0 giant spiked club!!
* * * LOW HITPOINT WARNING * * *
A red film seems to cover your vision as you go berserk!
You feel yourself moving faster!
You feel mighty!
The two-headed ogre hits you with a +0 giant club!
You die...

##################
..<...........[).#
.................#
.................#
##..##'####......#
##..##...##......#
.....#..........@#
.....#...........Oo....(
.....#...........#Z.....
######...##+######......
#...# #+### .....#
......+ .......#
.......#


You could see a two-headed ogre, an orc and a wyvern skeleton.

Vanquished Creatures
  A water moccasin (D:5)
  2 sky beasts (D:6)
  2 ogres
  4 centaurs
  2 bullfrogs (D:6)
  A scorpion (D:4)
  3 hounds (D:6)
  4 orc priests
  7 orc wizards
  2 worker ants (D:5)
  A hound zombie (D:5)
  A hound skeleton (D:6)
  4 gnolls
  8 adders
  A shadow imp (D:5)
  2 white imps
  3 ufetubi
  An adder skeleton (D:6)
  4 worms
  A dart slug (D:2)
  4 leopard geckos
  22 orcs
  5 ball pythons
  8 bats
  5 giant cockroaches
  15 goblins
  11 hobgoblins
  16 jackals
  5 kobolds
  2 quokkas (D:2)
  5 frilled lizards
  16 rats
168 creatures vanquished.

Vanquished Creatures (others)
  An orc priest (D:6)
  2 orcs (D:6)
3 creatures vanquished.

Grand Total: 171 creatures vanquished

Notes
Turn   | Place    | Note
-------+----------+-------------------------------------------
     0 | D:1      | Mopster the Minotaur Berserker began the quest for the Orb.
     0 | D:1      | Reached XP level 1. HP: 19/19 MP: 0/0
   334 | D:1      | Reached XP level 2. HP: 27/27 MP: 1/1
   572 | D:1      | Reached XP level 3. HP: 34/34 MP: 2/2
  1196 | D:1      | Reached skill level 4 in Axes
  1296 | D:2      | Reached ** piety under Trog
  1396 | D:2      | Reached XP level 4. HP: 28/41 MP: 3/3
  1483 | D:2      | HP: 1/41 [gnoll/+0 spear (10)]
  1484 | D:2      | Reached skill level 5 in Fighting
  1970 | D:3      | Reached XP level 5. HP: 38/48 MP: 4/4
  2223 | D:3      | Reached XP level 6. HP: 41/57 MP: 5/5
  2361 | D:3      | Reached skill level 5 in Axes
  2728 | D:3      | Reached skill level 5 in Armour
  2787 | D:3      | Reached *** piety under Trog
  3037 | D:4      | Reached XP level 7. HP: 43/63 MP: 6/6
  3803 | D:5      | Entered Level 5 of the Dungeon
  3942 | D:5      | Reached skill level 1 in Stealth
  3947 | D:5      | Reached skill level 6 in Axes
  4397 | D:5      | Reached **** piety under Trog
  4429 | D:5      | Reached XP level 8. HP: 71/71 MP: 7/7
  4571 | D:5      | Found a staircase to the Ecumenical Temple.
  4747 | Temple   | Entered the Ecumenical Temple
  5001 | D:6      | Reached skill level 7 in Axes
  5297 | D:6      | Reached skill level 8 in Axes
  5721 | D:6      | Reached skill level 5 in Dodging
  6108 | D:7      | Noticed a two-headed ogre
  6117 | D:7      | HP: 3/73 [two-headed ogre/+0 giant club (25)]
  6118 | D:7      | Slain by a two-headed ogre

Illustrated notes

Levels and vault maps discovered:
D:1:      dpeg_arrival_ratfight, layout_basic, minmay_misc_feat_chi
D:2:      layout_basic
D:3:      layout_basic, minmay_ogre_servants
D:4:      layout_rooms, kennysheep_generic_room_13
D:5:      layout_loops_ring, minmay_temple_entry_enclosed_plants
D:6:      layout_basic, minmay_misc_feat_iff
D:7:      minmay_s_stair_smasher, layout_gridville, overflow_temple_1_default,
          amethyst_overflow_temple_binary, serial_shops, shop
Temple:   minmay_temple_bridge_d

Skill      XL: |  1  2  3  4  5  6  7  8 |
---------------+-------------------------+-----
Fighting       | 4 5 6 7 |  7.4
Armour         | 3 4 5 6 7 |  7.6
Axes           | 4 5 6 8 |  8.4
Dodging        | 3 4 5 |  5.0
Stealth        | 1 |  1.0

Action                   |  1- 3 |  4- 6 |  7- 9 || total
-------------------------+-------+-------+-------++-------
Melee: Hand axe          |    72 |   140 |   141 ||   353
       Headbutt          |    10 |    24 |    29 ||    63
Invok: Berserk           |     1 |     1 |     2 ||     4
       Trog's Hand       |       |     1 |     1 ||     2
  Use: Scroll            |     5 |     1 |     7 ||    13
       Potion            |     1 |     1 |     1 ||     3
 Stab: Sleeping          |     1 |       |       ||     1
       Invisible         |       |       |     2 ||     2
Armor: Leather armour    |    17 |       |       ||    17
       Animal skin       |     2 |       |       ||     2
       Ring mail         |       |     8 |       ||     8
       Chain mail        |       |    40 |    70 ||   110
Dodge: Dodged            |    45 |    59 |    52 ||   156
Block: Other             |       |     6 |    30 ||    36
       Reflection        |       |     1 |     5 ||     6

Table legend: (Time is in decaauts)
 A = Elapsed time spent in this place.
 B = Non-inter-level travel time spent in this place.
 C = Inter-level travel time spent in this place.
 D = Time resting spent in this place.
 E = Time spent auto-exploring this place.
 F = Levels seen in this place.
 G = Mean time per level.
                   A        B        C        D        E       F      G
               +--------+--------+--------+--------+--------+-----+--------+
         Total |   6156 |   5090 |   1066 |    571 |   3462 |   8 |  769.5 |
       Dungeon |   5970 |   5061 |    909 |    571 |   3442 |   7 |  852.9 |
        Temple |    185 |     28 |    157 |      0 |     20 |   1 |  185.0 |
               +--------+--------+--------+--------+--------+-----+--------+

Top non-repeatable levels by time:
     D:1: 1268 daAuts
     D:6: 1122 daAuts
     D:3: 1095 daAuts
     D:5: 968 daAuts
     D:4: 778 daAuts
     D:2: 694 daAuts
  Temple: 185 daAuts
     D:7: 43 daAuts
